Map: Newkirk Precinct TE (Void)

Players

Loken - Winner!

  • Race: Protoss Protoss
  • League: Platinum
  • Spawn Location: 7:00

Fimp

  • Race: Terran Terran
  • Spawn Location: 5:00

VOD

Have the link to the VOD?

Description

Time

  • Played on: April 7, 2017, 5:03 p.m.
  • Length: 9:55
Show
View Real Time Build Order
Export as new Build Order

Loken Protoss - Winner!

Build Orders:  

Get SALT Encoding   

  12  0:01  Probe (Chrono Boost)  
  13  0:11  Probe (Chrono Boost)  
  14  0:22  Pylon, Probe (Chrono Boost)  
  15  0:40  Probe (Chrono Boost)  
  16  0:43  Gateway  
  16  0:49  Assimilator  
  16  0:51  Probe (Chrono Boost)  
  17  1:02  Probe (Chrono Boost)  
  18  1:12  Probe (Chrono Boost)  
  19  1:23  Probe (Chrono Boost)  
  20  1:31  Cybernetics Core  
  20  1:33  Probe (Chrono Boost)  
  21  1:44  Probe (Chrono Boost)  
  21  1:45  Nexus  
  22  1:52  Pylon  
  22  2:00  Assimilator  
  22  2:11  Stalker  
  22  2:14  Mothership Core (Chrono Boost)  
  26  2:28  Warp Gate  
  26  2:32  Probe (Chrono Boost)  
  27  2:43  Assimilator, Probe (Chrono Boost)  
  28  2:45  Stalker  
  30  2:53  Probe (Chrono Boost)  
  31  3:00  Probe (Chrono Boost)  
  31  3:04  Probe (Chrono Boost)  
  33  3:11  Robotics Facility, Probe (Chrono Boost)  
  34  3:16  Pylon  
  34  3:22  Probe (Chrono Boost)  
  35  3:28  Probe (Chrono Boost)  
  35  3:32  Probe (Chrono Boost)  
  37  3:39  Probe (Chrono Boost)  
  37  3:40  Twilight Council  
  38  3:43  Probe (Chrono Boost)  
  39  3:50  Probe (Chrono Boost)  
  40  3:56  Probe (Chrono Boost)  
  40  3:59  Observer  
  40  4:00  Probe (Chrono Boost)  
  43  4:06  Probe (Chrono Boost)  
  44  4:10  Gateway  
  44  4:11  Gateway, Probe (Chrono Boost)  
  44  4:15  Resonating Glaives  
  44  4:16  Gateway  
  45  4:17  Gateway  
  45  4:21  Probe (Chrono Boost)  
  46  4:30  Gateway  
  46  4:33  Gateway  
  46  4:38  Pylon  
  46  4:48  Pylon  
  46  4:55  Probe (Chrono Boost)  
  46  4:58  Probe (Chrono Boost)  
  48  5:04  Warp Prism  
  48  5:06  Probe (Chrono Boost)  
  51  5:10  Probe (Chrono Boost)  
  52  5:14  Assimilator  
  52  5:17  Probe (Chrono Boost)  
  53  5:22  Adept  
  53  5:23  Adept x4  
  53  5:27  Forge  
  63  5:30  Forge  
  63  5:36  Probe (Chrono Boost)  
  63  5:40  Probe (Chrono Boost)  
  65  5:50  Adept  
  65  5:51  Adept  
  65  5:56  Pylon  
  69  5:57  Pylon  
  69  6:03  Pylon  
  69  6:05  Pylon  
  69  6:15  Adept  
  69  6:16  Adept  
  69  6:17  Adept x2  
  75  6:44  Adept x6  
  75  6:45  Adept  
  85  6:49  Nexus  
  81  6:57  Protoss Ground Weapons Level 1  
  81  6:58  Protoss Ground Armor Level 1  
  81  7:05  Dark Shrine  
  74  7:32  Adept  
  74  7:33  Adept x6  
  65  8:04  Probe (Chrono Boost)  
  66  8:10  Warp Prism  
  68  8:16  Probe (Chrono Boost)  
  68  8:19  Probe (Chrono Boost)  
  70  8:21  Probe (Chrono Boost)  
  72  8:28  Probe (Chrono Boost)  
  72  8:30  Probe (Chrono Boost)  
  72  8:31  Probe (Chrono Boost)  
  74  8:40  Probe x2 (Chrono Boost)  
  76  8:42  Probe (Chrono Boost)  
  76  8:47  Dark Templar x3  
  76  8:48  Dark Templar x4  
  89  8:51  Probe (Chrono Boost)  
  89  8:52  Probe x2 (Chrono Boost)  
  89  9:03  Probe (Chrono Boost)  
  89  9:04  Probe (Chrono Boost)  
Show
View Real Time Build Order
Export as new Build Order

Fimp Terran 

Build Orders: Reaper Expand 

Get SALT Encoding   

  12  0:02  SCV  
  13  0:16  Supply Depot  
  13  0:18  SCV  
  14  0:30  SCV  
  15  0:40  Barracks  
  15  0:44  Refinery  
  15  0:46  SCV  
  16  0:59  SCV  
  17  1:11  SCV  
  19  1:25  SCV  
  19  1:37  Command Center  
  19  1:39  Reaper  
  20  1:43  SCV  
  21  1:56  Orbital Command  
  21  2:11  Factory  
  21  2:14  Engineering Bay  
  21  2:16  Marine  
  21  2:21  SCV  
  23  2:39  Bunker  
  23  2:45  Supply Depot  
  23  2:48  Marine  
  23  2:49  Supply Depot  
  24  3:06  SCV  
  24  3:07  Marine  
  26  3:13  Factory Reactor  
  26  3:14  Starport  
  26  3:20  Barracks  
  26  3:21  Refinery, SCV  
  27  3:27  Marine  
  27  3:33  SCV, Supply Depot  
  29  3:36  SCV  
  30  3:47  SCV  
  31  3:50  Barracks Tech Lab  
  31  4:03  Factory Reactor  
  31  4:05  Medivac  
  31  4:08  Barracks Reactor  
  33  4:10  Marine  
  33  4:11  Marine  
  35  4:17  Medivac  
  35  4:21  SCV x2  
  39  4:42  Command Center  
  39  4:48  Orbital Command  
  38  5:02  Marine  
  38  5:03  Marine  
  38  5:04  Marauder, Factory Reactor  
  38  5:05  Medivac  
  44  5:12  SCV  
  45  5:16  SCV  
  46  5:23  Marine x2  
  46  5:26  Marauder  
  46  5:28  Stimpack  
  50  5:29  SCV x2  
  50  5:33  Supply Depot  
  50  5:35  Missile Turret  
  52  5:37  Missile Turret  
  52  5:41  Viking  
  52  5:42  Viking  
  56  6:03  SCV x2  
  59  6:06  Orbital Command  
  58  6:19  Marine x2  
  58  6:20  Marauder  
  48  6:41  Marauder  
  48  6:45  SCV x3  
  45  6:57  SCV x2, Marine x2  
  45  6:59  Viking x2  
  53  7:06  Marauder  
  56  7:08  SCV  
  56  7:09  SCV x2  
  58  7:16  Terran Infantry Weapons Level 1  
  58  7:17  Barracks  
  54  7:42  Marauder  
  54  7:43  Marine x2  
  48  7:45  Hellion x2  
  48  7:47  Liberator  
  48  7:48  Liberator  
  33  8:02  Marine  
  33  8:03  Marine  
  31  8:27  Marine x2  
  31  8:29  Widow Mine  
  31  8:41  Marine  
  30  8:53  Marine x2  
  28  9:29  Marine  
  28  9:30  Marine x2  
Tags
 
Add a new tag
Caveats
  • Supply blocks, unpowered buildings, or Contaminate may cause inaccurate times.
  • Supply counts are checked every 10 seconds.